Map: Overgrown Facility

Players

Throwfordays - Winner!

  • Race: Protoss Protoss
  • League: Silver
  • Spawn Location: 7:00

Cthulhu - Winner!

  • Race: Protoss Protoss
  • Spawn Location: 9:00

weswak

  • Race: Terran Terran
  • League: Silver
  • Spawn Location: 3:00

DannyJuice

  • Race: Zerg Zerg
  • League: Gold
  • Spawn Location: 1:00

VOD

Have the link to the VOD?

Description

Time

  • Played on: April 11, 2019, 9:39 p.m.
  • Length: 18:29
Show
View Real Time Build Order
Export as new Build Order

Throwfordays Protoss - Winner!

Build Orders:  

Get SALT Encoding   

  12  0:01  Probe  
  13  0:15  Pylon  
  13  0:18  Probe  
  14  0:34  Gateway  
  14  0:36  Probe  
  15  0:48  Probe  
  16  0:51  Assimilator  
  16  1:00  Probe  
  17  1:12  Probe  
  18  1:22  Cybernetics Core  
  18  1:32  Probe  
  19  1:44  Probe  
  20  1:48  Nexus  
  20  1:55  Pylon  
  20  1:56  Probe  
  21  2:03  Assimilator  
  21  2:11  Warp Gate  
  21  2:25  Probe  
  22  2:31  Robotics Facility  
  22  2:38  Gateway, Probe  
  22  2:43  Adept  
  25  2:50  Probe  
  26  2:51  Pylon  
  25  3:09  Pylon  
  25  3:18  Immortal  
  25  3:19  Sentry  
  27  3:25  Adept  
  29  3:28  Probe  
  29  3:32  Probe  
  34  3:36  Probe  
  30  4:02  Adept  
  29  4:08  Probe  
  30  4:20  Probe  
  30  4:21  Probe  
  31  4:29  Probe  
  31  4:30  Probe  
  32  4:38  Probe  
  34  4:39  Probe  
  36  4:48  Immortal  
  36  4:51  Probe  
  41  4:57  Probe  
  42  5:03  Probe  
  42  5:05  Adept  
  42  5:06  Adept  
  47  5:09  Probe  
  48  5:24  Probe  
  48  5:26  Probe  
  48  5:28  Immortal  
  54  5:32  Probe  
  54  5:42  Probe  
  56  5:54  Probe  
  57  6:01  Sentry x2  
  61  6:06  Forge, Probe  
  61  6:07  Forge  
  62  6:12  Pylon  
  62  6:16  Pylon  
  62  6:17  Assimilator  
  62  6:19  Assimilator  
  62  6:30  Probe  
  62  6:32  Pylon  
  63  6:35  Pylon  
  63  6:37  Adept  
  63  6:38  Adept  
  67  6:42  Probe  
  68  6:47  Nexus  
  68  6:54  Probe  
  63  7:56  Protoss Ground Weapons Level 1, Protoss Ground Armor Level 1  
  63  8:01  Twilight Council, Immortal  
  67  8:05  Gateway  
  67  8:08  Gateway  
  67  8:12  Probe  
  67  8:13  Gateway  
  67  8:14  Probe  
  67  8:15  Gateway  
  67  8:16  Probe  
  67  8:19  Gateway  
  70  8:20  Probe  
  70  8:21  Gateway  
  70  8:23  Robotics Bay  
  70  8:24  Probe  
  70  8:26  Probe  
  72  8:27  Pylon  
  72  8:29  Pylon  
  72  8:30  Probe  
  72  8:32  Pylon  
  72  8:34  Probe  
  74  8:35  Pylon  
  74  8:37  Assimilator  
  74  8:38  Probe  
  74  8:39  Assimilator  
  76  8:42  Probe  
  76  8:43  Immortal  
  76  8:46  Probe  
  76  8:48  Pylon, Resonating Glaives  
  82  8:54  Probe  
  83  8:58  Probe  
  84  9:18  Probe  
  85  9:26  Colossus  
  85  9:27  Probe  
  85  9:30  Extended Thermal Lance  
  92  9:35  Robotics Facility  
  92  9:36  Robotics Facility, Probe  
  92  9:39  Robotics Facility  
  93  9:48  Probe  
  93  9:49  Probe  
  95  9:53  Adept x7  
  95  9:54  Adept  
  111  10:00  Probe  
  111  10:01  Probe  
  113  10:13  Probe  
  114  10:22  Pylon  
  114  10:24  Pylon  
  114  10:26  Colossus x3  
  114  10:28  Pylon  
  132  10:42  Stalker x4  
  140  10:50  Pylon  
  140  10:57  Protoss Ground Weapons Level 2  
  140  10:58  Protoss Ground Armor Level 2  
  140  11:08  Nexus  
  140  11:10  Assimilator  
  140  11:12  Warp Prism  
  140  11:13  Assimilator  
  142  11:48  Probe  
  142  11:52  Probe  
  144  12:00  Probe  
  144  12:01  Stalker x5  
  147  12:02  Stalker x2  
  147  12:04  Probe  
  160  12:12  Probe  
  161  12:21  Pylon  
  161  12:23  Pylon  
  161  12:25  Pylon  
  161  12:27  Pylon  
  161  12:29  Pylon  
  161  12:31  Pylon  
  161  12:39  Stalker  
  161  12:40  Stalker  
  161  12:41  Stalker x5  
  161  12:42  Stalker  
  111  13:19  Stalker x3  
  105  13:20  Stalker x5  
  105  13:22  Colossus x3  
  105  13:23  Colossus  
  133  13:42  Protoss Ground Weapons Level 3  
  133  13:43  Protoss Ground Armor Level 3  
  133  13:51  Pylon, Probe  
  133  13:53  Stalker  
  133  13:54  Stalker x5  
  133  13:55  Stalker  
  148  13:56  Stalker  
  150  14:04  Probe  
  151  14:16  Probe  
  152  14:22  Stalker x3  
  152  14:23  Stalker x2  
  162  14:28  Probe  
  151  14:40  Probe  
  112  15:00  Stalker x3  
  112  15:01  Stalker x3  
  112  15:02  Stalker x2  
  128  15:07  Colossus  
  128  15:08  Colossus x3  
  152  15:43  Stargate  
  152  15:45  Stargate  
  152  15:47  Sentry  
  152  15:48  Sentry x2  
  152  15:49  Adept x4  
  166  15:50  Adept  
  166  15:52  Blink  
  168  16:12  Zealot x3  
  168  16:13  Zealot x4  
  182  16:45  Stalker x2  
  182  16:46  Stalker x5  
  182  16:47  Stalker  
Show
View Real Time Build Order
Export as new Build Order

Cthulhu Protoss - Winner!

Build Orders:  

Get SALT Encoding   

  12  0:01  Probe  
  13  0:13  Probe  
  14  0:20  Pylon  
  14  0:25  Probe  
  15  0:38  Probe  
  16  0:43  Gateway  
  16  0:50  Probe  
  17  1:07  Forge  
  17  1:11  Assimilator  
  17  1:22  Pylon  
  17  1:27  Probe  
  18  1:41  Probe  
  18  1:45  Nexus  
  19  1:48  Zealot  
  21  2:06  Cybernetics Core  
  21  2:14  Gateway  
  21  2:21  Gateway  
  21  2:28  Warp Gate  
  21  2:35  Pylon  
  21  2:40  Probe  
  22  2:48  Zealot  
  24  2:52  Probe  
  25  2:59  Protoss Ground Weapons Level 1  
  25  3:10  Photon Cannon  
  25  3:16  Photon Cannon  
  25  3:32  Pylon  
  25  3:34  Probe x2  
  25  3:35  Assimilator  
  27  3:46  Probe  
  28  3:54  Zealot x2  
  28  3:55  Zealot  
  34  4:11  Probe x2  
  36  4:19  Probe  
  37  4:29  Photon Cannon  
  37  4:32  Probe  
  37  4:36  Nexus  
  37  4:37  Probe  
  39  4:45  Probe  
  40  4:49  Probe  
  41  5:01  Twilight Council  
  41  5:02  Pylon  
  41  5:05  Protoss Ground Armor Level 1  
  41  5:19  Probe x2  
  43  5:23  Charge, Pylon  
  43  5:31  Assimilator, Probe  
  43  5:32  Probe  
  43  5:35  Assimilator  
  45  5:39  Zealot  
  45  5:40  Zealot x2  
  51  5:43  Probe  
  52  5:51  Probe  
  52  5:56  Probe x2  
  55  6:03  Probe  
  56  6:06  Gateway  
  56  6:09  Gateway, Probe x2  
  58  6:27  Forge  
  58  6:29  Gateway  
  58  6:31  Gateway  
  58  6:34  Pylon  
  58  6:36  Pylon  
  58  6:42  Zealot  
  58  6:43  Zealot x2  
  64  6:51  Shield Battery  
  64  6:54  Photon Cannon  
  64  7:00  Photon Cannon  
  64  7:02  Photon Cannon  
  58  7:28  Probe x3  
  59  7:36  Pylon  
  59  7:44  Nexus  
  59  7:47  Pylon  
  57  7:55  Assimilator  
  57  7:59  Assimilator, Templar Archives  
  57  8:01  Dark Shrine  
  57  8:02  Pylon  
  57  8:03  Blink  
  57  8:04  Protoss Ground Armor Level 2  
  57  8:15  Probe  
  57  8:17  Probe  
  57  8:19  Probe  
  59  8:24  Probe  
  59  8:25  Probe  
  60  8:27  Nexus, Probe  
  60  8:33  Probe  
  63  8:41  High Templar x5  
  66  8:46  High Templar x2  
  78  8:58  Psionic Storm  
  77  9:20  Dark Templar  
  77  9:21  Dark Templar x2  
  83  9:33  Probe  
  83  9:34  Probe x2  
  83  9:35  Probe  
  87  9:43  Assimilator  
  87  9:47  Assimilator, Probe  
  87  9:49  Probe  
  87  9:50  Probe  
  87  9:51  Probe x2  
  92  9:57  Probe  
  92  9:59  Probe  
  93  10:03  Probe  
  93  10:05  Probe  
  95  10:08  High Templar x3  
  95  10:09  High Templar  
  95  10:12  Zealot x3, Probe x2  
  95  10:13  Probe  
  110  10:16  Probe  
  114  10:23  Probe x4  
  118  10:35  High Templar x3  
  122  10:37  Protoss Ground Weapons Level 2  
  124  11:32  Stalker x3  
  126  11:33  Stalker x4  
  136  11:43  Shadow Stride  
  133  12:01  Probe x4  
  133  12:02  Probe  
  137  12:10  Gateway  
  137  12:11  Gateway  
  137  12:13  Nexus  
  137  12:14  Pylon  
  137  12:15  Pylon  
  137  12:22  Photon Cannon, Gateway  
  137  12:26  Gateway  
  137  12:28  Probe x5  
  142  12:33  Pylon  
  142  12:40  Assimilator  
  142  12:42  Assimilator  
  120  13:42  Zealot x4  
  120  13:43  Zealot x6  
  120  13:44  Zealot  
  126  14:08  Stalker  
  126  14:09  Zealot x3  
  112  14:10  Zealot x3  
  112  14:11  High Templar x4  
  112  14:15  Robotics Facility  
  126  14:23  Archon  
  112  14:24  Gateway  
  112  14:27  Archon  
  84  14:48  High Templar x5  
  84  14:49  High Templar x3  
  90  15:08  Protoss Ground Armor Level 3  
  90  15:12  Dark Templar x6  
  90  15:13  Dark Templar  
  104  15:21  Nexus  
  104  15:22  Pylon, Probe  
  104  15:23  Probe x2  
  104  15:24  Probe x2  
  104  15:25  Assimilator  
  109  15:29  Assimilator  
  109  15:31  Pylon  
  109  15:32  Pylon  
  109  15:34  Pylon  
  109  15:37  Pylon  
  99  16:20  Pylon  
  99  16:25  Probe x3  
  101  16:26  Probe  
  103  16:37  Probe x2  
  103  16:38  Probe  
  106  16:40  Stalker x2  
  106  16:42  Nexus  
  106  16:45  Zealot  
  106  16:46  Zealot x4  
  88  17:49  High Templar x6  
  88  17:50  High Templar  
  102  17:57  Archon  
  102  17:58  Archon x2  
  102  18:07  Archon  
Show
View Real Time Build Order
Export as new Build Order

weswak Terran 

Build Orders:  

Get SALT Encoding   

  12  0:02  SCV  
  13  0:24  Supply Depot  
  13  0:25  SCV  
  14  0:37  SCV  
  15  0:46  Barracks  
  15  0:53  SCV  
  16  1:05  SCV  
  17  1:13  Refinery  
  17  1:17  SCV  
  18  1:27  Barracks  
  18  1:28  Refinery  
  18  1:33  Orbital Command  
  18  1:35  Marine, Supply Depot  
  19  2:02  SCV  
  20  2:14  SCV  
  21  2:18  Command Center  
  21  2:25  Barracks Reactor, Barracks Tech Lab  
  21  2:37  Factory  
  21  2:40  SCV  
  22  2:55  SCV  
  23  2:58  Marine  
  24  3:07  SCV  
  24  3:10  Engineering Bay  
  25  3:16  Marine  
  27  3:20  SCV  
  27  3:24  Starport, Stimpack  
  27  3:27  Factory Tech Lab  
  27  3:37  Orbital Command  
  27  3:46  SCV  
  27  3:48  Marine x2  
  30  3:56  Marine  
  30  3:58  SCV  
  32  4:06  Marine x2  
  34  4:10  SCV  
  34  4:14  Marine  
  34  4:15  Supply Depot  
  36  4:23  Marine  
  37  4:24  Marine  
  38  4:32  Marine, Starport Reactor  
  39  4:41  SCV x2  
  39  4:42  Marine x2  
  43  4:48  Terran Infantry Weapons Level 1  
  43  4:50  Marine  
  44  4:53  SCV x2  
  44  4:54  Engineering Bay  
  44  4:59  Marine  
  46  5:00  Marine  
  46  5:02  Supply Depot  
  46  5:03  Supply Depot  
  46  5:05  SCV x2  
  50  5:08  Marine  
  50  5:13  Medivac  
  53  5:17  Marine  
  54  5:23  Marine, Medivac  
  54  5:26  Supply Depot  
  54  5:27  Supply Depot  
  57  5:28  Supply Depot  
  57  5:32  SCV x2  
  57  5:34  Marine  
  57  5:35  Marine  
  60  5:42  Terran Infantry Armor Level 1  
  61  5:43  Medivac  
  61  5:44  SCV x2  
  65  5:50  Supply Depot  
  65  5:53  Missile Turret  
  65  5:57  Missile Turret  
  65  6:21  Command Center  
  65  6:34  Marine x3  
  65  6:35  Command Center  
  68  6:51  Marine  
  68  6:52  Marine x2  
  68  6:53  Armory  
  71  6:58  SCV  
  72  7:07  Medivac  
  74  7:09  Marine  
  74  7:10  Marine x2, SCV  
  78  7:17  SCV  
  78  7:22  SCV  
  77  7:27  Marine x2  
  77  7:28  Marauder  
  77  7:29  SCV  
  80  7:34  SCV  
  80  7:36  Viking  
  83  7:37  Viking  
  83  7:41  SCV  
  86  7:45  Marine x2  
  86  7:49  Marauder  
  88  8:03  Marine x2  
  90  8:06  Medivac  
  90  8:09  SCV x4  
  90  8:11  Marauder  
  98  8:20  Marine  
  98  8:21  Marine, SCV x4  
  104  8:32  Marauder  
  104  8:33  SCV x2  
  109  8:34  Orbital Command  
  109  8:36  Orbital Command  
  109  8:38  Marine  
  109  8:39  Marine  
  110  8:45  SCV x2  
  110  8:48  Command Center  
  112  8:53  Marine  
  113  8:56  Marine  
  113  8:57  Marine, SCV x2  
  113  9:01  Barracks  
  113  9:02  Barracks  
  117  9:08  Barracks  
  117  9:09  Barracks  
  117  9:11  Marine  
  117  9:14  Marine x2  
  120  9:29  Marauder  
  122  9:32  Marine x2  
  124  9:44  Refinery  
  124  9:47  Refinery  
  124  9:52  SCV x4  
  129  9:53  Marine  
  129  9:54  Marine  
  129  9:57  Barracks Reactor x3  
  129  9:58  Barracks Reactor  
  130  10:04  SCV x4  
  130  10:06  Marauder  
  136  10:11  Marine, Supply Depot  
  136  10:12  Marine, Supply Depot  
  136  10:13  Supply Depot  
  135  10:14  Supply Depot  
  135  10:16  SCV  
  135  10:17  Supply Depot x2, SCV x3  
  135  10:19  Supply Depot  
  135  10:20  Supply Depot  
  139  10:27  Marauder  
  141  10:29  Marine x2, SCV x4  
  147  10:40  Marine  
  147  10:41  Marine x7, SCV x4  
  159  10:44  Terran Infantry Armor Level 2  
  159  10:45  Terran Infantry Weapons Level 2  
  159  10:47  Marine x2  
  159  10:48  Marauder  
  163  10:53  SCV x3  
  166  10:58  Marine x3  
  166  10:59  Marine x5, Viking  
  166  11:00  Viking  
  178  11:04  Marine  
  178  11:05  Marine  
  178  11:10  Refinery x2, Marauder  
  179  11:12  SCV  
  179  11:16  Marine x7  
  179  11:17  Marine, SCV  
  179  11:18  SCV x3  
  183  11:22  Marine  
  183  11:23  Marine  
  183  11:24  SCV  
  179  11:29  SCV  
  179  11:30  SCV x3  
  179  11:31  Marauder  
  181  11:34  Marine x8  
  182  11:40  Marine  
  182  11:41  Marine  
  182  11:45  SCV x5  
  187  11:52  Marauder  
  189  11:57  SCV x5  
  194  12:07  Missile Turret  
  194  12:09  SCV x4  
  194  12:10  SCV  
  199  12:21  SCV  
  162  12:57  Missile Turret  
  156  13:02  Marauder  
  156  13:03  Marine x10  
  153  13:09  Medivac  
  153  13:10  Medivac  
  92  13:20  Marine, Missile Turret  
  92  13:21  Marine x9  
  92  13:23  Marauder  
  68  13:38  Marine  
  68  13:39  Marine x9, Medivac  
  68  13:40  Medivac  
  70  13:45  Marauder  
  70  13:47  Thor  
  76  13:56  Marine  
  76  13:57  Marine x9  
  74  14:03  SCV  
  74  14:06  Marauder  
  74  14:08  SCV  
  74  14:09  Medivac  
  77  14:10  Medivac  
  77  14:14  Marine x7  
  77  14:15  Marine x3, SCV  
  90  14:20  SCV  
  91  14:27  SCV  
  91  14:28  Marauder  
  93  14:32  Marine x9, SCV  
  93  14:33  Marine  
  94  14:39  SCV, Medivac  
  94  14:40  Medivac  
  94  14:44  SCV  
  88  14:48  Marine  
  88  14:49  Marine  
  88  14:50  Marine x9  
  88  14:51  SCV  
  96  14:56  SCV  
  99  15:07  Marine, Marauder  
  99  15:08  Marine x2  
  99  15:13  Supply Depot  
  102  15:15  Command Center  
  102  15:16  Terran Infantry Armor Level 3  
  102  15:18  Marine x7, Terran Infantry Weapons Level 3  
  109  15:25  Marine  
  109  15:28  Marine x3, Medivac x2  
  117  15:34  Supply Depot x2  
  117  15:35  Supply Depot  
  117  15:36  Marine x7  
  117  15:38  Supply Depot  
  117  15:41  SCV x2  
  126  15:55  Marine x6, SCV x2  
  126  15:56  Marine x5  
  139  15:57  Supply Depot x2  
  139  15:58  Medivac x2  
  143  16:07  SCV x2  
  143  16:14  Marine  
  139  16:19  SCV x2  
  141  16:27  Starport  
  141  16:28  Medivac  
  141  16:29  SCV  
  141  16:31  SCV x2  
  146  16:39  Command Center  
  146  16:41  SCV  
  147  16:50  Marauder  
  147  16:51  Marine x3  
  147  16:53  Marine  
  147  16:54  Marine x6  
  159  17:01  SCV  
  159  17:02  SCV x2  
  162  17:10  Supply Depot  
  162  17:11  Marauder  
  162  17:13  SCV, Supply Depot  
  59  17:57  Starport Tech Lab  
  59  18:03  Marauder  
  61  18:14  SCV x2  
  61  18:15  SCV  
Show
View Real Time Build Order
Export as new Build Order

DannyJuice Zerg 

Build Orders: Hatch First, Swarm Host 

Get SALT Encoding   

  12  0:01  Drone  
  13  0:13  Overlord  
  13  0:22  Drone  
  14  0:31  Drone  
  14  0:32  Drone  
  16  0:54  Hatchery  
  16  0:55  Drone  
  16  0:58  Drone  
  16  1:02  Extractor  
  16  1:04  Drone  
  17  1:20  Spawning Pool  
  17  1:22  Drone  
  17  1:27  Drone  
  17  1:29  Drone  
  19  1:39  Overlord  
  19  1:52  Drone  
  20  2:11  Metabolic Boost  
  20  2:12  Queen x2  
  24  2:21  Zergling x2  
  24  2:22  Zergling x4  
  27  2:41  Zergling x6  
  27  2:42  Zergling x2  
  31  3:00  Drone  
  31  3:01  Drone x3  
  31  3:04  Overlord  
  35  3:12  Roach Warren  
  34  3:17  Queen  
  36  3:25  Drone x3, Evolution Chamber  
  31  4:05  Drone x6  
  31  4:06  Drone  
  31  4:09  Zerg Missile Weapons Level 1  
  38  4:11  Lair  
  38  4:36  Roach x3  
  38  4:37  Overlord x2  
  44  4:38  Overlord  
  44  4:47  Pneumatized Carapace  
  44  4:58  Drone x2  
  44  4:59  Drone  
  47  5:08  Zergling x2  
  47  5:09  Zergling x14  
  47  5:10  Zergling x2  
  56  5:24  Extractor  
  56  5:27  Hydralisk Den  
  54  5:29  Extractor, Drone x2  
  54  5:30  Drone x2  
  57  5:48  Hatchery  
  56  5:51  Spore Crawler  
  56  5:53  Spore Crawler  
  56  5:55  Drone x4  
  58  6:00  Grooved Spines  
  58  6:35  Zerg Ground Armor Level 1  
  58  6:37  Overlord x3  
  58  6:53  Drone  
  58  6:54  Drone x9  
  62  6:55  Drone x3  
  62  7:00  Overlord x2  
  71  7:01  Overlord x2  
  73  7:08  Roach  
  73  7:15  Queen  
  64  7:28  Roach  
  64  7:29  Roach x6  
  74  7:46  Roach  
  74  7:47  Roach x8  
  92  8:00  Roach  
  92  8:01  Roach x8  
  110  8:14  Glial Reconstitution  
  110  8:16  Muscular Augments  
  110  8:20  Zergling x4  
  110  8:21  Zergling x10  
  117  8:32  Extractor  
  117  8:34  Extractor  
  115  8:46  Zerg Missile Weapons Level 2  
  115  9:09  Extractor  
  112  9:24  Lurker Den  
  111  9:51  Overlord x4  
  111  10:01  Infestation Pit  
  111  10:06  Hatchery  
  109  10:56  Swarm Host  
  109  10:57  Swarm Host x12  
  105  10:58  Swarm Host x7  
  105  11:01  Overlord x3  
  105  11:02  Overlord x2  
  159  11:08  Overseer x2  
  159  11:09  Overseer  
  155  11:14  Spore Crawler  
  155  11:16  Spore Crawler x2  
  150  11:35  Drone  
  150  11:36  Drone x6  
  150  11:37  Drone x6  
  163  12:13  Queen  
  165  12:17  Hatchery  
  165  12:18  Hydralisk  
  165  12:19  Hydralisk x9  
  165  12:20  Hydralisk x8  
  170  13:05  Hydralisk  
  170  13:06  Hydralisk x11  
  170  13:09  Hydralisk  
  188  13:13  Zergling x2  
  188  13:14  Zergling x14  
  184  13:55  Zergling x2  
  185  13:56  Roach x2  
  185  13:57  Overlord x3  
  171  15:15  Queen  
  171  15:17  Drone x3  
  171  15:18  Drone x2  
  178  15:23  Hive  
  178  15:24  Zerg Ground Armor Level 2  
  150  16:06  Overseer  
  150  16:11  Hydralisk  
  150  16:12  Hydralisk x9  
  150  16:13  Hydralisk x12  
  150  16:14  Hydralisk x2  
  198  16:24  Overseer x2  
  198  16:25  Overseer x2  
  198  16:33  Adaptive Talons  
  198  16:34  Evolution Chamber  
  142  17:26  Roach  
  142  17:27  Roach x12  
  142  17:28  Roach x9  
Tags
 
Add a new tag
Caveats
  • Supply blocks, unpowered buildings, or Contaminate may cause inaccurate times.
  • Supply counts are checked every 10 seconds.